 Dungeon Crawl Stone Soup version 0.28.0-53-g5a82cb258f (webtiles) character file.

Game seed: 13777810978841390716

152 SanguineChosen the Chopper (level 5, -2/46 HPs)
             Began as a Hill Orc Cinder Acolyte on June 22, 2022.
             Was a High Priest of Ignis.
             Slain by a water moccasin zombie (5 damage)
             ... on level 5 of the Dungeon.
             The game lasted 00:17:43 (4665 turns).

SanguineChosen the Chopper (HOCA)                   Turns: 4665, Time: 00:17:44

Health: -2/46      AC:  2    Str: 19    XL:     5   Next: 34%
Magic:  3/17       EV: 11    Int: 14    God:    Ignis [*****.]
Gold:   168        SH:  0    Dex:  6    Spells: 6/8 levels left

rFire   + . .      SeeInvis .   h - +1 hand axe (vorpal)
rCold   . . .      Faith    .   (no shield)
rNeg    . . .      Spirit   .   b - +0 robe
rPois   .          Reflect  .   (no helmet)
rElec   .          Harm     .   (no cloak)
rCorr   .          Rampage  .   (no gloves)
Will    .....                   (no boots)
Stlth   +.........              (no amulet)
HPRegen 0.15/turn               f - ring of magical power
MPRegen 0.15/turn               (no ring)

@: mighty
A: no striking features
a: Renounce Religion, Fiery Armour, Foxfire Swarm, Rising Flame


You were on level 5 of the Dungeon.
You worshipped Ignis.
Ignis was extremely pleased with you.
You visited 1 branch of the dungeon, and saw 5 of its levels.

You collected 168 gold pieces.

Inventory:

Hand Weapons
 a - a -1 hand axe of flaming
 h - a +1 vorpal hand axe (weapon)
 o - a +2 whip of draining
Armour
 b - a +0 robe (worn)
Jewellery
 f - a ring of magical power (left hand)
 m - an amulet of magic regeneration
Wands
 n - a wand of flame (13)
 p - a wand of paralysis (10)
Scrolls
 c - 3 scrolls of identify {unknown}
 g - a scroll of magic mapping {unknown}
 j - a scroll of teleportation {unknown}
Potions
 d - 2 potions of heal wounds {unknown}
 e - a potion of mutation {unknown}
 i - 2 potions of curing {unknown}
 l - 2 potions of resistance {unknown}


   Skills:
 + Level 4.2 Fighting
 + Level 5.3 Axes
 + Level 0.3 Dodging
 + Level 0.1 Stealth
 + Level 2.1 Spellcasting
 + Level 4.2 Fire Magic


You had 6 spell levels left.
You knew the following spells:

 Your Spells              Type           Power      Damage    Failure   Level
a - Scorch                Fire           26%        2d6       6%          2

Your spell library contained the following spells:

 Spells                   Type           Power      Damage    Failure   Level
 Foxfire                  Conj/Fire      28%        2x1d5     10%         1
 Conjure Flame            Conj/Fire      7%         6-21      30%         3
 Inner Flame              Hex/Fire       7%         N/A       30%         3
 Ignite Poison            Fire/Tmut/Pois 5%         N/A       36%         3
 Mephitic Cloud           Conj/Pois/Air  1%         N/A       56%         3
 Flame Wave               Conj/Fire      7%         2d5       69%         4
 Freezing Cloud           Conj/Ice/Air   0%         6-21      100%        5


Dungeon Overview and Level Annotations

Branches:
Dungeon (5/15)
 Temple: D:4-7

Altars:


Message History

Aim: a phantom (chance to affect: 31%)
The iguana suddenly stops moving!
The iguana is no longer more vulnerable to fire.
A hound comes into view.
A water moccasin zombie comes into view.
Unknown command.
The hound barks!
The water moccasin zombie closely misses you.
You see here a +0 leather armour.
You slash the water moccasin zombie!
The water moccasin zombie is lightly damaged.
The water moccasin zombie bites you.
You hit the water moccasin zombie but do no damage.
The water moccasin zombie is lightly damaged.
The water moccasin zombie bites you.
You barely miss the water moccasin zombie.
The water moccasin zombie is lightly damaged.
The water moccasin zombie bites you.
You hit the water moccasin zombie.
The water moccasin zombie is moderately damaged.
The water moccasin zombie closely misses you.
The water moccasin zombie barely misses you.
You hit the water moccasin zombie.
The water moccasin zombie is moderately damaged.
The iguana is no longer paralysed.
The iguana hisses menacingly.
The water moccasin zombie barely misses you.
You closely miss the water moccasin zombie.
The water moccasin zombie is moderately damaged.
The water moccasin zombie bites you. The iguana bites you!
* * * LOW HITPOINT WARNING * * *
You hit the water moccasin zombie.
The water moccasin zombie is heavily damaged.
You hit the iguana. The water moccasin zombie bites you.
* * * LOW HITPOINT WARNING * * *
The iguana closely misses you.
It was a potion of might.
You feel very mighty all of a sudden. The water moccasin zombie bites you.
You die... #.# #.# ###.... #.# ....... #.# ......# #.# ......# #.# ..... #)# ?ho

##.###)#
#..@lh.#
#..ZW..#
#......#
#......#
#......#
#........
##.#.....#
#.#.....#


You could see a phantom, an iguana, a hound and a water moccasin zombie.

Vanquished Creatures
  An orc priest (D:5)
  Robin (D:4)
  3 adders
  An adder skeleton (D:4)
  A worm (D:5)
  3 dart slugs
  7 orcs
  5 bats
  4 endoplasms
  4 giant cockroaches
  9 goblins
  7 hobgoblins
  A quokka (D:1)
  4 ball pythons
  3 frilled lizards
  6 kobolds
  5 rats
65 creatures vanquished.

Notes
Turn   | Place    | Note
-------+----------+-------------------------------------------
     0 | D:1      | SanguineChosen the Hill Orc Cinder Acolyte began the quest
                  | for the Orb.
     0 | D:1      | Reached XP level 1. HP: 19/19 MP: 2/2
   230 | D:1      | Reached XP level 2. HP: 21/27 MP: 3/3
   295 | D:1      | Learned a level 2 spell: Scorch
  1142 | D:2      | Reached XP level 3. HP: 33/33 MP: 4/4
  1596 | D:2      | Reached skill level 5 in Axes
  2547 | D:3      | Reached XP level 4. HP: 40/40 MP: 6/6
  3312 | D:4      | Noticed Robin
  3319 | D:4      | Killed Robin
  4373 | D:4      | Reached XP level 5. HP: 46/46 MP: 8/8
  4616 | D:5      | Entered Level 5 of the Dungeon
  4649 | D:5      | Noticed a phantom
  4665 | D:5      | Slain by a water moccasin zombie

Illustrated notes

Levels and vault maps discovered:
D:1:      nzn_arrival_crosshair, layout_loops_ring
D:2:      layout_basic, minmay_quantized
D:3:      layout_loops_ring, hex_large
D:4:      layout_basic, chequers_serial_rivers_micro_e,
          corexii_item_surrounded_by_moat, minmay_cut_off, uniq_robin
D:5:      layout_basic, zin_angel, minmay_temple_entry_glass

Skill      XL: |  1  2  3  4 |
---------------+-------------+-----
Axes           | 5 |  5.3
Fighting       | 4 |  4.2
Fire Magic     | 4 |  4.2
Spellcasting   | 2 |  2.1
Dodging        | |  0.3
Stealth        | |  0.1

Action                   |  1- 3 |  4- 6 || total
-------------------------+-------+-------++-------
Melee: Hand axe          |    44 |    52 ||    96
       Punch             |       |     1 ||     1
 Cast: Scorch            |    30 |    19 ||    49
Evoke: Wand              |       |     1 ||     1
  Use: Potion            |       |     1 ||     1
Armor: Robe              |     8 |     6 ||    14
Dodge: Dodged            |    26 |    38 ||    64
